 Dungeon Crawl Stone Soup version 0.24-b1 (webtiles) character file.

Game seed: 7282262639103230440, levelgen mode: deterministic

2906 Dorkslayer the Sneak (level 9, -4/61 HPs)
             Began as an Octopode Berserker on Oct 12, 2019.
             Was a High Priest of Trog.
             Slain by a hound (7 damage)
             ... on level 8 of the Dungeon.
             The game lasted 00:25:48 (5949 turns).

Dorkslayer the Sneak (Octopode Berserker)           Turns: 5949, Time: 00:25:49

Health: -4/61      AC:  1    Str: 19    XL:     9   Next: 78%
Magic:  12/12      EV: 15    Int: 10    God:    Trog [*****.]
Gold:   378        SH:  6    Dex: 11    Spells: 8/8 levels left

rFire    + . .     SeeInvis +   c - +5 mace (drain)
rCold    . . .     Gourm    .   z - +2 buckler
rNeg     . . .     Faith    .   (helmet restricted)
rPois    .         Spirit   .   h - amulet of harm
rElec    .         Reflect  .   q - ring of flight
rCorr    .         Harm     +   n - ring of see invisible
MR       .....                  j - ring of protection from fire
Stlth    ++++......             (no ring)
HPRegen  0.20/turn              (no ring)
MPRegen  0.13/turn              (no ring)
                                (no ring)
                                (no ring)

@: no status effects
A: almost no armour, stealthy swim, amphibious, 8 rings, constrict 8, camouflage
1, gelatinous body 1
a: Berserk, Trog's Hand, Brothers in Arms, Renounce Religion, Evoke Flight


You were on level 8 of the Dungeon.
You worshipped Trog.
Trog was extremely pleased with you.
You were hungry.

You visited 2 branches of the dungeon, and saw 9 of its levels.
You also visited: Sewer.

You collected 378 gold pieces.

Inventory:

Hand Weapons
 a - a +0 hand axe
 c - a +5 mace of draining (weapon)
 E - a +2 short sword of electrocution
 G - a +3 war axe
Missiles
 s - 15 poisoned darts (quivered)
 C - 6 javelins
Armour
 z - a +2 buckler (worn)
Jewellery
 h - an amulet of harm (around mantle)
 j - a ring of protection from fire (on tentacle)
 k - a +2 amulet of reflection {unknown}
 n - a ring of see invisible (right tentacle)
 q - a ring of flight (left tentacle)
Wands
 w - a wand of iceblast (6)
 x - a wand of scattershot (5)
 D - a wand of polymorph (6)
 F - a wand of random effects (1)
Scrolls
 d - 5 scrolls of magic mapping
 g - 2 scrolls of teleportation
 i - 3 scrolls of remove curse
 m - 2 scrolls of blinking {unknown}
 o - 2 scrolls of immolation
 u - 3 scrolls of amnesia {unknown}
 y - 3 scrolls of fog
 B - 2 scrolls of enchant weapon
 H - a scroll of fear
Potions
 e - 2 potions of brilliance
 f - 3 potions of lignification {unknown}
 l - 2 potions of might {unknown}
 p - 5 potions of curing {unknown}
 r - 2 potions of haste {unknown}
 t - a potion of ambrosia {unknown}
 v - 5 potions of degeneration {unknown}
Comestibles
 b - 10 rations
 A - 2 chunks of flesh


   Skills:
 + Level 5.4 Fighting
 + Level 3.9(6.2) Axes
 + Level 7.4(7.9) Maces & Flails
 + Level 2.5 Throwing
 + Level 5.6 Dodging
 + Level 7.7 Stealth
 + Level 1.8 Shields
 * Level 5.0 Evocations


You had 8 spell levels left.
You didn't know any spells.
Your spell library contained the following spells:

 Spells                   Type           Power        Failure   Level  Hunger
 Corona                   Hex            #......      45%         1    ##.....
 Slow                     Hex            #.......     58%         2    ###....
 Inner Flame              Hex/Fire       #.......     83%         3    ####...
 Portal Projectile        Hex/Tloc       #.....       83%         3    ####...
 Cause Fear               Hex            #.........   99%         4    #####..
 Leda's Liquefaction      Hex/Erth       #.........   99%         4    #####..


Dungeon Overview and Level Annotations

Branches:
Dungeon (8/15)             Temple (1/1) D:4            Lair (0/6) D:8
  Sewer (visited)

Altars:
Ashenzari
Cheibriados
Dithmenos
Elyvilon
Fedhas
Hepliaklqana
Kikubaaqudgha
Makhleb
Nemelex Xobeh
Qazlal
Ru
Trog
Wu Jian
Xom
Yredelemnul
Zin
The Shining One

Shops:
D:5 (

Annotations:
D:8 Gastronok


Innate Abilities, Weirdness & Mutations

You cannot wear most types of armour.
You are very stealthy in the water. (Stealth+)
You are amphibious.
You can wear up to eight rings at the same time.
You can use your tentacles to constrict eight enemies at once.
Your skin changes colour to match your surroundings (Stealth+).
Your rubbery body absorbs attacks. (AC +1, EV +1)


Message History

The black bear claws you.
* * * LOW HITPOINT WARNING * * *
You block the black bear's attack. The hound closely misses you.
You sock the black bear! Your grab misses the black bear.
The black bear is heavily wounded.
The hound bites you.
* * * LOW HITPOINT WARNING * * *
You block the black bear's attack. The black bear claws you.
* * * LOW HITPOINT WARNING * * *
You block the black bear's attack.
The iguana hisses angrily.
You sock the black bear! You drain the black bear.
You kill the black bear!
Trog accepts your kill. Something appears before you!
Trog grants you ammunition!
You feel your dexterity returning. The hound completely misses you.
The hound bites you.
You die...

........#........#......#.
..........(.........###.##
.......#.........#. #...
.......#.##.#### # # ###.
.........##.# .# .
.$......)...# ##.# ###.
.#..........# ... ###P.P
.........h.## ##.##.#....P
........h@.####..#........
.......O.......##....♣..P
..........(######..P....P
...........# #.P...hr♣
....##.#.#.# #...tPPP.
.........#.# .....thls
....l.#.##.#


.PP.P.P.r #..... ... .....w..P #. .h..##.. ...♣...P. You could see a two-headed
ogre (paralysed), a black bear, an iguana and a hound.

Vanquished Creatures
  Menkaure (D:4)
  An orc warrior (D:7)
  3 black bears
  A sky beast (D:6)
  3 ogres
  2 centaurs (D:5)
  3 big kobolds (Sewer)
  4 bullfrogs
  A gnoll sergeant (D:5)
  3 scorpions
  A water moccasin skeleton (D:8)
  2 wights (D:6)
  2 crimson imps (D:6)
  A quasit (D:7)
  A bullfrog zombie (D:5)
  2 orc priests (D:6)
  A jelly (D:5)
  3 hounds
  Crazy Yiuf (D:2)
  2 bullfrog skeletons
  2 iguanas (D:4)
  7 orc wizards
  5 worker ants
  7 gnolls
  11 adders
  A river rat (Sewer)
  A shadow imp (D:6)
  5 oozes (Sewer)
  6 worms
  3 dart slugs
  6 leopard geckos
  32 orcs
  6 giant cockroaches
  6 goblins
  4 hobgoblins
  5 jackals
  2 quokkas
  6 ball pythons
  A ball python skeleton (D:4)
  15 bats
  2 frilled lizards
  A jackal zombie (D:6)
  13 kobolds
  A leopard gecko zombie (D:5)
  8 rats
194 creatures vanquished.

Vanquished Creatures (others)
  A human (D:2)
  2 bushes (D:8)
  A fungus (D:8)
  A plant (D:8)
5 creatures vanquished.

Grand Total: 199 creatures vanquished

Notes
Turn   | Place    | Note
-------+----------+-------------------------------------------
     0 | D:1      | Dorkslayer the Octopode Berserker began the quest for the
                  | Orb.
     0 | D:1      | Reached XP level 1. HP: 16/16 MP: 1/1
    85 | D:1      | Reached XP level 2. HP: 8/21 MP: 2/2
   391 | D:1      | Reached XP level 3. HP: 20/26 MP: 3/3
   819 | D:2      | Reached skill level 1 in Stealth
   847 | D:2      | Reached ** piety under Trog
  1136 | D:2      | Found a runed translucent door.
  1137 | D:2      | Noticed Crazy Yiuf
  1251 | D:2      | Killed Crazy Yiuf
  1251 | D:2      | Reached XP level 4. HP: 24/31 MP: 4/4
  1271 | D:2      | Found an ancient bone altar of Kikubaaqudgha.
  1274 | D:2      | Noticed a human
  1276 | D:2      | Killed a human
  1327 | D:2      | Found a snail-covered altar of Cheibriados.
  1450 | D:2      | Found a blossoming altar of Fedhas.
  1606 | D:2      | Found a white marble altar of Elyvilon.
  1609 | D:2      | Found a basalt altar of Yredelemnul.
  1611 | D:2      | Found an ornate altar of the Wu Jian Council.
  1651 | D:3      | Reached XP level 5. HP: 36/36 MP: 5/5
  1738 | D:3      | Reached skill level 1 in Maces & Flails
  1745 | D:3      | Found a burning altar of Makhleb.
  2030 | D:3      | Reached *** piety under Trog
  2357 | D:4      | Reached XP level 6. HP: 43/43 MP: 6/6
  2448 | D:4      | Noticed Menkaure
  2452 | D:4      | Killed Menkaure
  2944 | D:4      | Reached XP level 7. HP: 48/48 MP: 7/7
  3009 | D:4      | Found a staircase to the Ecumenical Temple.
  3253 | D:4      | Reached skill level 1 in Evocations
  3331 | D:4      | Reached skill level 5 in Stealth
  3344 | D:4      | Identified the cursed +3 whip "Worm" {drain, *Noise MR+
                  | Dex+2} (You found it on level 4 of the Dungeon)
  3389 | Temple   | Entered the Ecumenical Temple
  3525 | D:4      | Reached skill level 5 in Maces & Flails
  3525 | D:4      | Reached XP level 8. HP: 27/54 MP: 9/9
  3706 | D:5      | Entered Level 5 of the Dungeon
  3706 | D:5      | Found a glowing drain.
  3714 | Sewer    | Entered a sewer
  3951 | Sewer    | Reached **** piety under Trog
  4144 | D:5      | Reached ***** piety under Trog
  4288 | D:5      | Reached skill level 5 in Fighting
  4288 | D:5      | Reached skill level 5 in Dodging
  4479 | D:5      | Reached XP level 9. HP: 61/61 MP: 11/11
  4557 | D:5      | Found Eddiucvi's Antique Weapon Boutique.
  4660 | D:5      | Reached skill level 1 in Shields
  4744 | D:6      | Reached skill level 1 in Throwing
  5878 | D:8      | Found a staircase to the Lair.
  5880 | D:8      | Noticed Gastronok
  5889 | D:8      | Noticed a two-headed ogre
  5934 | D:8      | Found a bloodstained altar of Trog.
  5946 | D:8      | Reached skill level 5 in Evocations
  5948 | D:8      | HP: 3/61 [black bear (1)]
  5949 | D:8      | Received a gift from Trog
  5949 | D:8      | Slain by a hound

Skill      XL: |  1  2  3  4  5  6  7  8  9 |
---------------+----------------------------+-----
Stealth        | 1 2 3 4 5 6 7 |  7.7
Maces & Flails | 2 3 5 6 7 |  7.4
Fighting       | 4 5 |  5.4
Dodging        | 4 5 |  5.6
Evocations     | 2 3 5 |  5.0
Shields        | 1 |  1.8
Throwing       | 2 |  2.5
Axes           | |  3.9

Action                   |  1- 3 |  4- 6 |  7- 9 || total
-------------------------+-------+-------+-------++-------
Melee: Hand axe          |    60 |       |       ||    60
       Constrict         |    15 |    22 |    41 ||    78
       Tentacles         |    12 |    13 |    29 ||    54
       Mace              |     3 |    97 |   155 ||   255
Throw: Dart              |       |     5 |    25 ||    30
Evoke: Wand              |       |       |    12 ||    12
  Use: Potion            |     1 |     1 |     3 ||     5
       Scroll            |     3 |     8 |     8 ||    19
 Stab: Invisible         |     2 |       |       ||     2
       Sleeping          |     5 |    11 |    13 ||    29
  Eat: Chunk             |     1 |     5 |     6 ||    12
       Ration            |       |       |     1 ||     1
Armor: Skin              |     4 |    12 |    10 ||    26
Dodge: Dodged            |    42 |    75 |   119 ||   236
Block: Buckler           |       |       |    37 ||    37
